 Dungeon Crawl Stone Soup version 0.22-b1-59-g0aedee734a (webtiles) character file.

588 Kirk the Conjurer (level 7, 26/46 HPs)
             Began as a Demonspawn Wizard on Aug 9, 2018.
             Quit the game on level 5 of the Dungeon.
             The game lasted 00:10:47 (4059 turns).

Kirk the Conjurer (Demonspawn Wizard)               Turns: 4059, Time: 00:10:47

Health: 26/46      AC:  8    Str:  7    XL:     7   Next: 15%
Magic:  12/15      EV: 12    Int: 22    God:
Gold:   112        SH:  0    Dex: 11    Spells: 6/17 levels left

rFire    . . .     SeeInvis .   E - +6 trident of Trial by Ordeal {speed, Stlth+}
rCold    . . .     Gourm    .   (no shield)
rNeg     . . .     Faith    .   a - +0 robe
rPois    .         Spirit   .   q - +0 helmet
rElec    .         Reflect  .   (no cloak)
rCorr    .         Harm     .   y - +0 pair of gloves
MR       .....                  (no boots)
Stlth    ++........             j - amulet of magic regeneration
HPRegen  0.15/turn              (no ring)
MPRegen  0.39/turn              (no ring)

@: no status effects
A: hooves 1, iridescent scales 2, powered by death 1, rot immunity
a: no special abilities


You were on level 5 of the Dungeon.
You were not hungry.

You visited 1 branch of the dungeon, and saw 5 of its levels.

You collected 112 gold pieces.

Inventory:

Hand Weapons
 u - a +1 dagger of speed
 E - the +6 trident of Trial by Ordeal (weapon) {speed, Stlth+}
   (You found it on level 5 of the Dungeon)

   Attacks with this weapon are significantly faster.
   It makes you more stealthy.
Armour
 a - a +0 robe (worn)
 b - a +0 hat
 q - a +0 helmet (worn)
 y - a +0 pair of gloves (worn)
Jewellery
 j - an amulet of magic regeneration (around neck)
Wands
 i - a wand of digging (16)
 m - a wand of acid (4)
 p - a wand of flame (22)
 v - a wand of polymorph (9)
 w - a wand of iceblast (10)
Scrolls
 l - 3 scrolls of remove curse
 r - a scroll of blinking
 s - 2 scrolls of magic mapping
 x - 3 scrolls of enchant armour {unknown}
 B - a scroll of fear {unknown}
 C - a scroll of fog {unknown}
Potions
 c - 3 potions of might {unknown}
 e - 4 potions of heal wounds
 f - a potion of agility {unknown}
 g - 2 potions of brilliance
 h - a potion of degeneration {unknown}
 k - 3 potions of invisibility
 n - a potion of magic {unknown}
 o - a potion of flight {unknown}
 t - a potion of mutation {unknown}
 z - 2 potions of curing {unknown}
 A - a potion of berserk rage {unknown}
Comestibles
 d - 5 rations
 D - a chunk of flesh


   Skills:
 - Level 1.7 Dodging
 - Level 1.7 Stealth
 + Level 5.5 Spellcasting
 * Level 5.7 Conjurations
   Level 1.0 Summonings
 + Level 0.8 Translocations


You had 6 spell levels left.
You knew the following spells:

 Your Spells              Type           Power        Failure   Level  Hunger
a - Magic Dart            Conj           ####         1%          1    None
b - Blink                 Tloc           N/A          10%         2    None
c - Conjure Flame         Conj/Fire      ###.....     9%          3    ##.....
d - Mephitic Cloud        Conj/Pois/Air  ##......     13%         3    ##.....
e - Slow                  Hex            #.......     14%         2    None

Your spell library contained the following spells:

 Spells                   Type           Power        Failure   Level  Hunger
 Call Imp                 Summ           ##......     10%         2    None


Dungeon Overview and Level Annotations

Branches:
Dungeon (5/15)
 Temple: D:4-7

Altars:
Cheibriados
Elyvilon
Fedhas
Trog
Yredelemnul

Annotations:
D:3 Sigmund
D:4 exclusion: oklob plant


Innate Abilities, Weirdness & Mutations

You have large cloven feet.
You are mostly covered in iridescent scales. (AC +4)
You regenerate a little health from kills.
You are immune to rotting.


Message History

Aim: a shadow imp (almost dead)
The magic dart hits the shadow imp.
The shadow imp is almost dead.
The shadow imp gestures at you.
You struggle to resist.
Casting: Magic Dart (safe; 1% risk of failure)
Confirm with . or Enter, or press ? or * to list all spells.
Aiming: Magic Dart (safe; 1% risk of failure)
Press: ? - help, Shift-Dir - straight line, f/p - shadow imp
Aim: a shadow imp (almost dead)
The magic dart hits the shadow imp.
You kill the shadow imp!
Unknown command.
Found a stone staircase leading down.
You see here a twisted trident.
E - a twisted trident Wield which item (- for none, * to show all)? (? for menu, Esc to quit)
Your hands tingle!
E - the +6 trident of Trial by Ordeal (weapon)
{speed, Stlth+} Are you sure you want to abandon this character and quit the game? (Confirm with "yes".)

..............[..
......................
.....................###
........................
......................> #
.....................# ##
.....................# ##.
.....................# ##..
................@....# ##..#
.....................# ###..##
.....................# ####...##
.....................###......#
..............................#
...............................#
.....................######......
....................## #####..
....................# ..


There were no monsters in sight!

Vanquished Creatures
  A sky beast (D:5)
  An ogre (D:4)
  A centaur (D:5)
  A scorpion (D:5)
  A worker ant (D:4)
  Natasha (thrice) (D:3)
  Terence (D:3)
  An iguana (D:4)
  Robin (D:2)
  4 adders
  A shadow imp (D:5)
  An ooze (D:2)
  4 dart slugs
  A leopard gecko (D:3)
  7 bats
  2 giant cockroaches
  14 hobgoblins
  4 jackals (D:5)
  2 quokkas (D:4)
  A ball python (D:1)
  2 frilled lizards (D:2)
  16 goblins
  6 kobolds
  6 rats
82 creatures vanquished.

Notes
Turn   | Place    | Note
-------+----------+-------------------------------------------
     0 | D:1      | Kirk the Demonspawn Wizard began the quest for the Orb.
     0 | D:1      | Reached XP level 1. HP: 13/13 MP: 4/4
   475 | D:1      | Gained mutation: You have large cloven feet. [demonic ancestry]
   475 | D:1      | Reached XP level 2. HP: 19/19 MP: 3/6
  1027 | D:2      | Gained mutation: You are partially covered in iridescent scales. (AC +2) [demonic ancestry]
  1027 | D:2      | Reached XP level 3. HP: 24/24 MP: 1/8
  1064 | D:2      | Noticed Robin
  1170 | D:2      | Learned a level 2 spell: Blink
  1174 | D:2      | Learned a level 3 spell: Conjure Flame
  1178 | D:2      | Learned a level 3 spell: Mephitic Cloud
  1789 | D:2      | Found a bloodstained altar of Trog.
  2054 | D:2      | Reached XP level 4. HP: 20/30 MP: 6/10
  2193 | D:2      | Killed Robin
  2313 | D:3      | Learned a level 2 spell: Slow
  2386 | D:3      | Noticed Sigmund
  2437 | D:3      | Noticed Terence
  2446 | D:3      | Killed Terence
  2446 | D:3      | Gained mutation: You are mostly covered in iridescent scales. (AC +4) [demonic ancestry]
  2446 | D:3      | Reached XP level 5. HP: 35/35 MP: 1/11
  2529 | D:3      | Noticed Natasha
  2538 | D:3      | Killed Natasha
  2546 | D:3      | You fall through a shaft for 2 floors!
  2546 | D:5      | Entered Level 5 of the Dungeon
  2553 | D:5      | Noticed a sky beast
  2570 | D:5      | Found a white marble altar of Elyvilon.
  2574 | D:5      | Noticed a centaur
  2883 | D:3      | Noticed Natasha
  2888 | D:3      | Killed Natasha
  2939 | D:3      | Noticed Natasha
  2944 | D:3      | Killed Natasha
  2944 | D:3      | Gained mutation: You regenerate a little health from kills. [demonic ancestry]
  2944 | D:3      | Reached XP level 6. HP: 39/41 MP: 8/13
  3171 | D:4      | Reached skill level 5 in Spellcasting
  3250 | D:4      | Reached skill level 5 in Conjurations
  3364 | D:4      | Found a snail-covered altar of Cheibriados.
  3378 | D:4      | Found a basalt altar of Yredelemnul.
  3476 | D:4      | Found a blossoming altar of Fedhas.
  3489 | D:4      | Noticed an oklob plant
  3751 | D:5      | Killed a sky beast
  4014 | D:5      | Gained mutation: You are immune to rotting. [demonic ancestry]
  4014 | D:5      | Reached XP level 7. HP: 39/46 MP: 3/15
  4057 | D:5      | Got a twisted trident
  4058 | D:5      | Identified the +6 trident of Trial by Ordeal {speed, Stlth+} (You found it on level 5 of the Dungeon)
  4059 | D:5      | Quit the game

Skill      XL: |  1  2  3  4  5  6 |
---------------+-------------------+-----
Spellcasting   | 4 5 |  5.5
Conjurations   | 2 3 4 5 |  5.7
Dodging        | |  1.7
Stealth        | |  1.7
Summonings     | |  1.0
Translocations | |  0.8

Action                   |  1- 3 |  4- 6 |  7- 9 || total
-------------------------+-------+-------+-------++-------
Melee: Unarmed           |     9 |       |       ||     9
       Kick              |     2 |     1 |       ||     3
       Club              |       |     1 |       ||     1
       Dagger            |       |    10 |       ||    10
 Cast: Magic Dart        |   141 |   125 |    10 ||   276
       Mephitic Cloud    |     1 |     8 |       ||     9
       Conjure Flame     |       |     2 |       ||     2
  Use: Scroll            |     3 |     4 |       ||     7
  Eat: Chunk             |     3 |     6 |     1 ||    10
Armor: Robe              |    20 |    23 |       ||    43
Dodge: Dodged            |    42 |    38 |       ||    80
